 Dungeon Crawl Stone Soup version 0.26-a0-639-g72c4674 (webtiles) character file.

Game seed: 3435272083071362106

11577 AGayBaby the Severer (level 11, -3/99 HPs)
             Began as a Minotaur Fighter on Sept 19, 2020.
             Was a High Priest of Okawaru.
             Slain by a phantasmal warrior (18 damage)
             ... led by a death knight
             ... on level 10 of the Dungeon.
             The game lasted 00:31:04 (11621 turns).

AGayBaby the Severer (Minotaur Fighter)            Turns: 11621, Time: 00:31:05

Health: -3/99      AC: 16    Str: 23    XL:     11   Next: 51%
Magic:  10/10      EV:  4    Int:  5    God:    Okawaru [*****.]
Gold:   303        SH: 18    Dex: 14    Spells: 10/10 levels left

rFire    + . .     SeeInvis +   a - +0 war axe
rCold    . . .     Faith    +   h - +0 tower shield
rNeg     . . .     Spirit   .   u - +0 plate armour
rPois    .         Reflect  .   (helmet restricted)
rElec    .         Harm     .   y - scarf {+Inv}
rCorr    .         Rampage  .   G - +1 pair of gloves {Dex+3}
MR       .....                  J - +0 pair of boots {Fly}
Stlth    ..........             t - amulet of faith
HPRegen  0.26/turn              j - ring of protection from fire
MPRegen  0.12/turn              F - ring of see invisible

@: about to teleport, vulnerable, flying, drained
A: retaliatory headbutt, horns 2
a: Heroism, Finesse, Renounce Religion, Evoke Invisibility, Stop Flying


You were on level 10 of the Dungeon.
You worshipped Okawaru.
Okawaru was extremely pleased with you.
You visited 1 branch of the dungeon, and saw 12 of its levels.

You collected 487 gold pieces.
You spent 184 gold pieces at shops.

Inventory:

Hand Weapons
 a - a +0 war axe (weapon)
 M - the +10 hand crossbow of Ocimops {elec, +Blink rElec MP-9}
   (Okawaru gifted it to you on level 10 of the Dungeon)

   It charges the ammunition it shoots with electricity; occasionally upon a
   hit, such missiles may discharge and cause terrible harm.
   It insulates you from electricity.
   It affects your magic capacity (-9).
   It lets you blink.
Missiles
 r - 40 poisoned darts (quivered)
 x - 7 boomerangs
Armour
 h - a +0 tower shield (worn)
 u - a +0 plate armour (worn)
 y - a scarf of invisibility (worn)
 G - a +1 pair of gloves of dexterity (worn)
 H - the +2 leather armour of Unreason {+Fly rN+}
   (You took it off an orc wizard on level 8 of the Dungeon)

   It protects you from negative energy.
   It lets you fly.
 J - a +0 pair of boots of flying (worn)
Jewellery
 j - a ring of protection from fire (left hand)
 t - an amulet of faith (around neck)
 z - an uncursed amulet of regeneration
 B - an uncursed ring of protection from fire
 F - a ring of see invisible (right hand)
Wands
 p - a wand of random effects (20)
 L - a wand of digging (2)
Scrolls
 c - a scroll of noise {unknown}
 f - 10 scrolls of identify
 i - 4 scrolls of teleportation
 l - 8 scrolls of remove curse
 n - a scroll of magic mapping {unknown}
 q - 2 scrolls of amnesia {unknown}
 s - 2 scrolls of enchant armour {unknown}
 A - 4 scrolls of enchant weapon
 C - a scroll of fog {unknown}
 D - 2 scrolls of blinking {unknown}
 E - a scroll of random uselessness {unknown}
 K - a scroll of fear {unknown}
Potions
 b - a potion of resistance {unknown}
 d - a potion of might
 e - 2 potions of stabbing {unknown}
 g - 3 potions of heal wounds
 k - 2 potions of degeneration {unknown}
 o - 6 potions of curing
 v - a potion of haste {unknown}
 w - 2 potions of lignification {unknown}
 I - 2 potions of mutation {unknown}
Miscellaneous
 m - a tin of tremorstones (3/3)


   Skills:
 + Level 9.9(9.1) Fighting
 + Level 15.3(14.4) Axes
 + Level 7.5(6.7) Armour
 - Level 1.9(1.3) Dodging
 + Level 0.7(0.1) Stealth
 + Level 10.3(9.6) Shields


You had 10 spell levels left.
You didn't know any spells.
Your spell library contained the following spells:

 Spells                   Type           Power        Failure   Level
 Animate Skeleton         Necr           #.....       100%        1
 Corona                   Hex            #......      100%        1
 Pain                     Necr           #...         100%        1
 Sandblast                Erth           #.....       100%        1
 Shock                    Conj/Air       #...         100%        1
 Passwall                 Tmut/Erth      #.......     100%        2
 Slow                     Hex            #.......     100%        2
 Swiftness                Air            #.......     100%        2
 Inner Flame              Hex/Fire       #.......     100%        3
 Portal Projectile        Hex/Tloc       #.....       100%        3
 Static Discharge         Conj/Air       #.......     100%        3
 Stone Arrow              Conj/Erth      #.....       100%        3
 Vampiric Draining        Necr           #.........   100%        3
 Airstrike                Air            #.........   100%        4
 Animate Dead             Necr           #.........   100%        4
 Cause Fear               Hex            #.........   100%        4
 Leda's Liquefaction      Hex/Erth       #.........   100%        4
 Petrify                  Tmut/Erth      #.......     100%        4
 Agony                    Necr           #.......     100%        5
 Lee's Rapid Deconstruct  Erth           #.........   100%        5
 Lightning Bolt           Conj/Air       #.........   100%        5


Dungeon Overview and Level Annotations

Branches:
Dungeon (12/15)            Temple (0/1) D:5
   Lair: D:8-11         Orc: D:9-12

Altars:
Cheibriados
Gozag
Hepliaklqana
Kikubaaqudgha
Makhleb
Okawaru
Trog
Uskayaw
Vehumet
Xom

Shops:
D:4 (   D:5 (**([   D:7 ?


Innate Abilities, Weirdness & Mutations

You reflexively headbutt those who attack you in melee.
You have a pair of horns on your head.


Message History

You slash the centaur!
The death knight offers itself to Yredelemnul, and fills with unholy energy.
The centaur hits you. The phantasmal warrior hits you.
Your magical defenses are stripped away!
As you read the scroll of teleportation, it crumbles to dust.
You feel strangely unstable. You block the centaur's attack.
You block the phantasmal warrior's attack.
You slash the centaur!
You kill the centaur!
Okawaru accepts your kill.
You closely miss the phantasmal warrior.
You block the phantasmal warrior's attack.
You hit the death knight but do no damage.
You closely miss the phantasmal warrior.
The death knight hits you with a +1 great sword of draining!!
* * * LOW HITPOINT WARNING * * *
You feel drained.
* * * LOW HITPOINT WARNING * * *
The phantasmal warrior hits you!!
You die...

.......# #.......'.#..[....
###....# #####.......#.'.......
#....#####...+.......###.......
#..........###.......# #.......
#....####### ######'## #.......
#....# ###..# ####'### ##.###
#...## #..# #.#### ######'###
#.## #...)# #..W@p..# ##'####
#######'## #.####### #......
#........####.......# #......
#........'..'.###.#.# ###......
'........####.#.#...#
##.'...... #........#
#.#.########..#......
#........#
#.....#.'....##......
##########
#####.#.############# #.......#


You could see a death knight (reflects damage) and a phantasmal warrior.

Vanquished Creatures
  Pikel (D:7)
  A phantasmal warrior (D:10)
  An ugly thing (D:7)
  Maggie (D:9)
  A gargoyle (D:10)
  A komodo dragon (D:11)
  2 trolls
  A hornet (D:10)
  3 hippogriffs
  2 wraiths
  4 yaks (D:11)
  A basilisk (D:9)
  A wyvern (D:10)
  A steam dragon (D:6)
  2 water moccasins
  An acid dragon (D:11)
  A porcupine (D:9)
  2 orc warriors
  3 ice beasts
  2 sky beasts
  2 black bears
  6 phantoms
  5 ogres
  A necrophage (D:7)
  7 centaurs
  A big kobold (D:10)
  7 bullfrogs
  3 scorpions
  A water moccasin skeleton (D:10)
  A water moccasin zombie (D:7)
  16 wights
  12 killer bees
  6 howler monkeys
  A bullfrog zombie (D:10)
  2 centaur zombies
  2 jellies
  A quasit (D:9)
  11 hounds
  A bullfrog skeleton (D:5)
  A human zombie (D:9)
  2 orc priests
  10 orc wizards
  Jessica (D:2)
  2 centaur skeletons
  Terence (D:2)
  7 iguanas
  10 worker ants
  3 hound zombies
  A howler monkey zombie (D:10)
  A gnoll (D:5)
  9 adders
  A shadow imp (D:5)
  2 white imps
  An ufetubus (D:10)
  2 adder skeletons
  5 worms
  3 dart slugs
  10 leopard geckos
  34 orcs
  3 ball pythons
  4 bats
  9 giant cockroaches
  12 goblins
  6 hobgoblins
  12 jackals
  5 quokkas
  5 frilled lizards
  A jackal zombie (D:9)
  15 kobolds
  A leopard gecko skeleton (D:7)
  A quokka skeleton (D:4)
  15 rats
313 creatures vanquished.

Vanquished Creatures (others)
  6 fungi (D:9)
  19 plants (D:9)
25 creatures vanquished.

Grand Total: 338 creatures vanquished

Notes
Turn   | Place    | Note
-------+----------+-------------------------------------------
     0 | D:1      | AGayBaby the Minotaur Fighter began the quest for the Orb.
     0 | D:1      | Reached XP level 1. HP: 19/19 MP: 0/0
    27 | D:1      | Reached XP level 2. HP: 24/27 MP: 1/1
    91 | D:1      | Reached skill level 3 in Axes
   526 | D:1      | Reached XP level 3. HP: 33/33 MP: 2/2
   835 | D:2      | You fall into a shaft and drop 2 floors!
   876 | D:3      | Reached skill level 4 in Axes
   876 | D:3      | Reached XP level 4. HP: 41/41 MP: 3/3
  1025 | D:3      | Reached skill level 5 in Axes
  1069 | D:3      | Found a radiant altar of Vehumet.
  1411 | D:2      | Noticed Jessica
  1418 | D:2      | Killed Jessica
  1418 | D:2      | Reached XP level 5. HP: 47/47 MP: 4/4
  1565 | D:2      | Found a hazy altar of Hepliaklqana.
  1567 | D:2      | Found a shimmering altar of Xom.
  1568 | D:2      | Noticed a spectral ugly thing
  1568 | D:2      | Noticed a yak
  1619 | D:2      | Noticed Terence
  1629 | D:2      | Killed Terence
  1629 | D:2      | Reached skill level 1 in Dodging
  1648 | D:2      | Found an ancient bone altar of Kikubaaqudgha.
  1846 | D:2      | Reached skill level 6 in Axes
  2052 | D:2      | You fall into a shaft and drop 1 floor!
  2136 | D:4      | Noticed a phantom
  2155 | D:3      | Killed a phantom
  2155 | D:3      | Reached XP level 6. HP: 46/55 MP: 5/5
  2596 | D:3      | Reached skill level 7 in Axes
  3060 | D:4      | Found Aplygici's Weapon Emporium.
  3239 | D:4      | Reached skill level 8 in Axes
  3244 | D:4      | Reached XP level 7. HP: 48/60 MP: 6/6
  3369 | D:4      | Found a burning altar of Makhleb.
  3428 | D:5      | Entered Level 5 of the Dungeon
  3506 | D:4      | Found an opulent altar of Gozag.
  3716 | D:5      | Reached skill level 5 in Fighting
  3728 | D:5      | Found Koqih's Antique Weapon Shop.
  3778 | D:5      | Reached skill level 9 in Axes
  3891 | D:5      | Found Doepnu's Weapon Emporium.
  3966 | D:5      | Found a staircase to the Ecumenical Temple.
  4122 | D:5      | Found a hide-covered altar of Uskayaw.
  4166 | D:5      | Found Pousyeci's General Store.
  4166 | D:5      | Noticed a wraith
  4176 | D:5      | Killed a wraith
  4176 | D:5      | Reached skill level 10 in Axes
  4183 | D:5      | Found Woaghefu's General Store.
  4187 | D:5      | Bought a potion of curing for 33 gold pieces
  4187 | D:5      | Bought a scroll of remove curse for 33 gold pieces
  4187 | D:5      | Bought a scroll of enchant weapon for 82 gold pieces
  4312 | D:5      | Found an iron altar of Okawaru.
  4328 | D:5      | Became a worshipper of Warmaster Okawaru
  4351 | D:5      | Found a snail-covered altar of Cheibriados.
  4379 | D:5      | Reached XP level 8. HP: 59/69 MP: 7/7
  4548 | D:5      | Found Haezok's Antique Armour Shoppe.
  4695 | D:6      | Reached * piety under Okawaru
  4695 | D:6      | Reached skill level 11 in Axes
  5387 | D:6      | Reached skill level 12 in Axes
  5477 | D:6      | Noticed a moth of wrath
  5480 | D:6      | Found a bloodstained altar of Trog.
  5783 | D:8      | Noticed Pikel
  5803 | D:7      | Reached ** piety under Okawaru
  5844 | D:7      | Reached XP level 9. HP: 45/78 MP: 8/8
  6527 | D:7      | Noticed a cyan ugly thing
  6540 | D:7      | Killed a cyan ugly thing
  6540 | D:7      | Reached *** piety under Okawaru
  6540 | D:7      | Reached skill level 5 in Shields
  6711 | D:7      | Reached skill level 13 in Axes
  6799 | D:7      | Reached skill level 5 in Armour
  6813 | D:7      | Found Baocs's Magic Scroll Emporium.
  6822 | D:7      | Bought a scroll of teleportation for 36 gold pieces
  7638 | D:8      | Reached **** piety under Okawaru
  7852 | D:7      | Killed Pikel
  7852 | D:7      | Reached XP level 10. HP: 87/88 MP: 9/9
  7873 | D:8      | Reached ***** piety under Okawaru
  8090 | D:8      | Reached skill level 14 in Axes
  8148 | D:8      | Identified the +2 leather armour of Unreason {+Fly rN+}
  8507 | D:9      | Noticed Maggie
  8651 | D:9      | Killed Maggie
  8651 | D:9      | Received a gift from Okawaru
  9017 | D:9      | Received a gift from Okawaru
  9036 | D:10     | Entered Level 10 of the Dungeon
  9244 | D:10     | Paralysed by a hornet for 1 turns
  9497 | D:10     | Reached XP level 11. HP: 95/95 MP: 10/10
 10431 | D:11     | Reached skill level 15 in Axes
 10431 | D:11     | Reached skill level 10 in Shields
 11040 | D:11     | Noticed a phantasmal warrior
 11040 | D:11     | Noticed a death knight
 11045 | D:11     | Noticed a phantasmal warrior
 11489 | D:10     | Killed a phantasmal warrior
 11489 | D:10     | Received a gift from Okawaru
 11492 | D:10     | Got a steaming hand crossbow {god gift}
 11493 | D:10     | Identified the +10 hand crossbow of Ocimops {elec, +Blink
                  | rElec MP-9} (Okawaru gifted it to you on level 10 of the
                  | Dungeon)
 11621 | D:10     | Slain by a phantasmal warrior

Illustrated notes

Levels and vault maps discovered:
D:1:      mrwooster_arrival_statue, layout_loops_ring
D:2:      layout_basic, regret_index_temple_of_mockery,
          lemuel_zombie_altar_kikubaaqudgha, uniq_terence, uniq_jessica
D:3:      layout_basic, overflow_temple_1_default, nrook_mini_backslash,
          minivault_19
D:4:      layout_cave_pools, old_standard_altar, nicolae_gozag_seed_capital,
          serial_rivers, chequers_serial_rivers_small_b,
          chequers_serial_rivers_micro_c, chequers_serial_rivers_micro_b,
          chequers_serial_rivers_room_a, kennysheep_windowed_goal
D:5:      layout_loops_ring, eat_drink_and_be_merry_uskayaw,
          okawaru_altar_gauntlet_db, lemuel_doored_altar,
          minmay_temple_entry_from_below_b, serial_shops,
          nicolae_shop_competitors_out_of_business, kennysheep_mini_moat, shop,
          shop, nicolae_shop_temple_entry_statues_fountains
D:6:      layout_cave_pools, tgw_trog, gup_sewer_entry_pipe
D:7:      layout_cave_pools, serial_shops, shop, minmay_the_grid_2x2
          [minmay_the_grid_fan, minmay_the_grid_small_cups,
          minmay_the_grid_minigrid_large,
          minmay_the_grid_prize_four_corners_diamond_a]
D:8:      layout_basic, uniq_pikel
D:9:      layout_rooms, tgw_sif, minmay_lair_entry_grove, dk_yredelemnul_ordeal,
          uniq_maggie, uniq_psyche
D:10:     layout_roguey
D:11:     layout_roguey, orc_david_3
D:12:     layout_small_grid, serial_shops, nicolae_shop_statue_plus,
          minmay_misc_feat_x

Skill      XL: |  1  2  3  4  5  6  7  8  9 10 11 |
---------------+----------------------------------+-----
Fighting       | 4 5 6 7 8 9 |  9.9
Axes           | 3 4 5 6 8 10 12 13 14 15 | 15.3
Dodging        | 1 |  1.9
Armour         | 4 5 6 7 |  7.5
Shields        | 4 6 9 10 | 10.3
Stealth        | |  0.7

Action                   |  1- 3 |  4- 6 |  7- 9 | 10-12 || total
-------------------------+-------+-------+-------+-------++-------
Melee: War axe           |    61 |   160 |   383 |   469 ||  1073
       Headbutt          |     7 |    21 |    75 |   120 ||   223
  Use: Scroll            |       |       |     8 |     2 ||    10
Armor: Scale mail        |    24 |    52 |       |       ||    76
       Plate armour      |       |    18 |   201 |   153 ||   372
Dodge: Dodged            |    11 |    23 |    45 |    39 ||   118
Block: Kite shield       |    19 |       |       |       ||    19
       Tower shield      |    20 |   140 |   361 |   376 ||   897

Table legend: (Time is in decaauts)
 A = Elapsed time spent in this place.
 B = Non-inter-level travel time spent in this place.
 C = Inter-level travel time spent in this place.
 D = Time resting spent in this place.
 E = Time spent auto-exploring this place.
 F = Levels seen in this place.
 G = Mean time per level.
                   A        B        C        D        E       F      G
               +--------+--------+--------+--------+--------+-----+--------+
         Total |  11728 |  11562 |    166 |   2977 |   5523 |  12 |  977.3 |
       Dungeon |  11728 |  11562 |    166 |   2977 |   5523 |  12 |  977.3 |
               +--------+--------+--------+--------+--------+-----+--------+

Top non-repeatable levels by time:
    D:10: 1810 daAuts
     D:6: 1446 daAuts
     D:7: 1355 daAuts
     D:3: 1191 daAuts
     D:8: 1137 daAuts
     D:2: 1047 daAuts
     D:5: 995 daAuts
     D:1: 798 daAuts
     D:4: 741 daAuts
    D:11: 736 daAuts
     D:9: 466 daAuts
    D:12: 1 daAuts
